AoeStats
← Barón de la Cerveza

Arabia

509983027Analyzed
1v1 RM · 3d ago on Sep 28, 2026· 54m 1s· 2 players
Game mode
Random Map
Map size
Tiny (2 player)
Population
200
Speed
Normal
Resources
Standard
Victory
Conquest
Starting age
Dark Age
Ending age
Imperial Age
RankedLock teamsTeams togetherTeam positionsShared explorationLock speedFull tech treeHidden civsTurbo modeCheats
Victory
Defeat
🇸🇪 Saracens · Sweden
1938
+13
🇲🇽 Koreans · Mexico
1861
-13
Barón de la Cerveza
6:32 Loom
9:16 Feudal Age
10:38 Double-Bit Axe
15:34 Fletching
20:47 Castle Age
18:52 Fletching
20:41 Horse Collar
20:51 Elite Skirmisher
21:28 Bodkin Arrow
23:17 Bow Saw
36:39 Ballistics
42:43 Imperial Age
44:07 Conscription
44:26 Bracer
48:10 Chemistry
49:03 Heavy Plow
52:22 Wheelbarrow
52:19 Murder Holes
52:50 Gold Mining
Jonah_
6:04 Loom
9:31 Feudal Age
9:34 Man-at-Arms
11:50 Double-Bit Axe
17:11 Castle Age
17:11 Fletching
17:51 Bodkin Arrow
19:37 Crossbowman
20:42 Padded Archer Armor
25:20 Leather Archer Armor
29:14 Horse Collar
35:35 Scale Barding Armor
40:39 Chain Barding Armor
40:37 Bow Saw
44:04 Imperial Age
42:58 Heavy Plow
43:20 Chain Barding Armor
43:04 Gold Mining
44:51 Gold Shaft Mining
44:34 Husbandry
45:29 Plate Barding Armor
45:54 Elite Mameluke
47:21 Wheelbarrow
46:32 Town Watch
47:00 Bloodlines
47:15 Forging
50:19 Conscription
50:35 Hoardings
50:36 Masonry
51:37 Stone Mining
52:37 Ballistics
53:21 Iron Casting
55:06 Blast Furnace
Connection lost

Rejoining the realm…

Still unreachable

The connection could not be restored.

Session expired

The server has moved on; the page needs a fresh start.